 Dungeon Crawl Stone Soup version 0.29-a0-838-g385bb11a5b (webtiles) character file.

Game seed: 12801180707960939079

22 purpskrrrp the Sneak (level 2, -3/13 HPs)
             Began as a Vine Stalker Enchanter on July 13, 2022.
             Was a Believer of Lugonu.
             Slain by Jessica
             ... wielding a +4 dagger of protection
              (5 damage)
             ... on level 2 of the Dungeon.
             The game lasted 00:02:59 (1412 turns).

purpskrrrp the Sneak (Vine Stalker Enchanter)       Turns: 1412, Time: 00:03:00

Health: -3/13      AC:  2    Str: 10    XL:     2   Next: 91%
Magic:  0/6        EV: 12    Int: 15    God:    Lugonu [**....]
Gold:   82         SH:  0    Dex: 14    Spells: 3/5 levels left

rFire   . . .      SeeInvis .   a - +1 dagger
rCold   . . .      Faith    .   (no shield)
rNeg    . . .      Spirit   +   b - +0 robe
rPois   .          Reflect  .   (no helmet)
rElec   .          Harm     .   (no cloak)
rCorr   .          Rampage  .   (no gloves)
Will    .....                   (no boots)
Stlth   +++.......              (no amulet)
HPRegen 0.04/turn               (no ring)
MPRegen 0.10/turn               (no ring)

@: invisible
A: fangs 2, magic shield, antimagic bite, no potion heal 2
a: Renounce Religion, Depart the Abyss, Bend Space


You were on level 2 of the Dungeon.
You worshipped Lugonu.
Lugonu was pleased with you.
You visited 1 branch of the dungeon, and saw 2 of its levels.

You collected 82 gold pieces.

Inventory:

Hand Weapons
 a - a +1 dagger (weapon)
Armour
 b - a +0 robe (worn)
Scrolls
 g - a scroll of vulnerability {unknown}
Potions
 c - a potion of invisibility
 d - 2 potions of heal wounds {unknown}
 e - a potion of haste {unknown}
 f - 2 potions of might {unknown}


   Skills:
 * Level 1.1 Short Blades
 + Level 1.6 Dodging
 * Level 3.9 Stealth
 + Level 2.3 Spellcasting
 * Level 3.5 Hexes


You had 3 spell levels left.
You knew the following spells:

 Your Spells              Type           Power      Damage    Failure   Level
a - Ensorcelled Hibernat  Hex/Ice        14%        N/A       16%         2

Your spell library contained the following spells:

 Spells                   Type           Power      Damage    Failure   Level
 Confusing Touch          Hex            12%        N/A       16%         3
 Tukima's Dance           Hex            12%        N/A       16%         3
 Beastly Appendage        Tmut           2%         N/A       22%         1
 Dazzling Flash           Conj/Hex       14%        N/A       30%         3
 Wereblood                Tmut           1%         N/A       32%         2
 Spider Form              Tmut/Pois      1%         N/A       54%         3


Dungeon Overview and Level Annotations

Branches:
Dungeon (2/15)

Altars:
Lugonu

Annotations:
D:2 Jessica


Innate Abilities, Weirdness & Mutations

You have extremely sharp teeth.
When hurt, damage is shared between your health and your magic reserves.
Your bite disrupts and absorbs the magic of your enemies.
Potions cannot restore your health.


Message History

You now have 74 gold pieces (gained 11).
Found a stone staircase leading down.
No target in view!
Found a stone staircase leading up.
No target in view!
No target in view!
You now have 82 gold pieces (gained 8).
Found a dagger.
Jessica the Apprentice Sorceress comes into view.
She is wielding a +4 dagger of protection.
Jessica is nearby!
Jessica is nearby!
Jessica shouts!
Jessica casts a spell at you. Pain shoots through your body!
Jessica gestures wildly while chanting.
Jessica seems to speed up.
You hit Jessica but do no damage.
Jessica hits you with a +4 dagger of protection.
Jessica gestures at you while chanting. You resist with some effort.
You are too injured to fight recklessly!
You are too injured to fight recklessly!
You are too injured to fight recklessly!
You are too injured to fight recklessly!
You hit Jessica but do no damage. Your bite misses Jessica.
Jessica hits you with a +4 dagger of protection.
* * * LOW HITPOINT WARNING * * *
You hit Jessica but do no damage.
Jessica gestures wildly while chanting.
Jessica blinks!
You fade into invisibility!
You hit Jessica but do no damage. Your bite misses Jessica.
Jessica barely misses you. Jessica closely misses you.
You hit Jessica but do no damage. Jessica closely misses you.
You hit Jessica. Your bite misses Jessica.
Jessica is lightly wounded.
Jessica hits you with a +4 dagger of protection.
* * * LOW HITPOINT WARNING * * *
Jessica hits you with a +4 dagger of protection.
You die...

#. #.# #.#
##.#######.######.#
........)........>.
.....#####.#.####.#
##...#####.#.# #.#
...........#.# #.# #
##...#..####.####.#
#.####.##.## #.......
#..@@..##..# #.###.##
#.####.###.# #.#.#.#
#.#.#..........# #.#...#
##.#.#..###.....###.#.###
#....#..# #......##.#.#
#....#..# ######.##.#.#
#....#..# #..#.#.#
#....#..# #....#.#
#....#..########..#.#.#


You could see Jessica (fast, unable to see you).

Vanquished Creatures
  2 dart slugs (D:1)
  2 endoplasms (D:2)
  A goblin (D:2)
  A hobgoblin (D:1)
  A kobold (D:1)
  3 ball pythons
  5 bats (D:1)
  A frilled lizard (D:2)
  4 rats (D:1)
20 creatures vanquished.

Notes
Turn   | Place    | Note
-------+----------+-------------------------------------------
     0 | D:1      | purpskrrrp the Vine Stalker Enchanter began the quest for
                  | the Orb.
     0 | D:1      | Reached XP level 1. HP: 9/9 MP: 4/4
   113 | D:1      | Found a faded altar of an unknown god.
   217 | D:1      | Reached XP level 2. HP: 12/13 MP: 4/6
   608 | D:1      | Reached skill level 1 in Short Blades
   623 | D:1      | Learned a level 2 spell: Ensorcelled Hibernation
   978 | D:1      | Prayed at the altar of an unknown god.
   978 | D:1      | Became a worshipper of Lugonu the Unformed
   978 | D:1      | Reached * piety under Lugonu
   978 | D:1      | Reached ** piety under Lugonu
  1401 | D:2      | Noticed Jessica
  1412 | D:2      | Slain by Jessica

Illustrated notes

Levels and vault maps discovered:
D:1:      dpeg_arrival_shrine, layout_basic,
          dreamdust_ecumenical_altar_angels_and_demons, feat_on_display
D:2:      layout_basic, basic_altar, uniq_jessica

Skill      XL: |  1  2 |
---------------+-------+-----
Short Blades   | 1 |  1.1
Dodging        | |  1.6
Stealth        | |  3.9
Spellcasting   | |  2.3
Hexes          | |  3.5

Action                   || total
-------------------------++-------
Melee: Dagger            ||    57
       Bite              ||     7
  Use: Scroll            ||     1
       Potion            ||     1
 Stab: Sleeping          ||     5
       Distracted        ||     1
Armor: Robe              ||    14
Dodge: Dodged            ||    39

Table legend: (Time is in decaauts)
 A = Elapsed time spent in this place.
 B = Non-inter-level travel time spent in this place.
 C = Inter-level travel time spent in this place.
 D = Time resting spent in this place.
 E = Time spent auto-exploring this place.
 F = Levels seen in this place.
 G = Mean time per level.
                   A        B        C        D        E       F      G
               +--------+--------+--------+--------+--------+-----+--------+
         Total |   1409 |   1386 |     23 |    100 |   1086 |   2 |  704.5 |
       Dungeon |   1409 |   1386 |     23 |    100 |   1086 |   2 |  704.5 |
               +--------+--------+--------+--------+--------+-----+--------+

Top non-repeatable levels by time:
     D:1: 1094 daAuts
     D:2: 315 daAuts
